 Dungeon Crawl Stone Soup version 0.24.0-1-gfbc8707122 (webtiles) character file.

Game seed: 14264442470401143691, levelgen mode: deterministic

112655 Artagas the Markscentaur (level 16, 0/151 HPs)
             Began as a Centaur Hunter on Oct 25, 2019.
             Was the Champion of Okawaru.
             Slain by a skeletal warrior
             ... wielding a +1 glaive of flaming
             ... led by a death knight
              (25 damage)
             ... on level 15 of the Dungeon on Oct 26, 2019.
             The game lasted 01:13:06 (36617 turns).

Artagas the Markscentaur (Centaur Hunter)          Turns: 36617, Time: 01:13:06

Health: 0/151      AC: 29    Str: 21    XL:     16   Next: 12%
Magic:  16/22      EV: 12    Int: 10    God:    Okawaru [******]
Gold:   2084       SH:  0    Dex: 11    Spells: 15/15 levels left

rFire    + . .     SeeInvis .   a - +7 longbow (flame)
rCold    . . .     Gourm    +   (shield currently unavailable)
rNeg     . . .     Faith    .   I - +1 chain mail "Yvyaf" {MR++ Stlth+}
rPois    +         Spirit   .   v - +0 helmet
rElec    .         Reflect  .   Y - +1 cloak {rPois}
rCorr    .         Harm     .   A - +0 pair of gloves
MR       +....                  O - +3 centaur barding {rF+}
Stlth    +.........             u - amulet of the gourmand
HPRegen  0.35/turn              j - +5 ring of slaying
MPRegen  0.18/turn              V - +3 ring of evasion

@: about to teleport, vulnerable, heroism, finesse, very quick
A: large, hooves 3, deformed body, speed 2, tough skin 3
a: Heroism, Finesse, Renounce Religion


You were on level 15 of the Dungeon.
You worshipped Okawaru.
Okawaru was exalted by your worship.
You were very full.

You visited 2 branches of the dungeon, and saw 21 of its levels.
You also visited: Gauntlet, Ice Cave and Volcano.

You collected 2114 gold pieces.
You spent 30 gold pieces at shops.

Inventory:

Hand Weapons
 a - a +7 longbow of flaming (weapon)
   (Okawaru gifted it to you on level 1 of the Lair of Beasts)
 b - the +8 whip "Snakebite" {curare, rPois}
   (You found it on level 1 of the Lair of Beasts)

   It poisons the flesh of those it strikes.
   It protects you from poison.
Missiles
 l - 267 arrows (quivered) {trove +3 fds}
Armour
 v - a +0 helmet (worn)
   (You took it off Robin on level 3 of the Dungeon)
 A - a +0 pair of gloves (worn)
   (You found it on level 3 of the Lair of Beasts)
 I - the +1 chain mail "Yvyaf" (worn) {MR++ Stlth+}
   (You found it on level 6 of the Lair of Beasts)

   It affects your resistance to hostile enchantments.
   It makes you more stealthy.
 O - a +3 centaur barding of fire resistance (worn)
   (Okawaru gifted it to you on level 3 of the Lair of Beasts)
 Y - a +1 cloak of poison resistance (worn)
   (Okawaru gifted it to you on level 11 of the Dungeon)
Jewellery
 j - a +5 ring of slaying (left hand)
   (You found it on level 14 of the Dungeon)
 u - an amulet of the gourmand (around neck)
   (You found it on level 12 of the Dungeon)
 R - an uncursed ring of ice
   (You took it off Fannar on level 10 of the Dungeon)
 V - a +3 ring of evasion (right hand)
   (You took it off a minotaur in a Gauntlet)
Wands
 c - a wand of acid (15)
   (You found it on level 5 of the Lair of Beasts)
 x - a wand of scattershot (1)
   (You found it on level 4 of the Dungeon)
 C - a wand of disintegration (14)
   (You found it on level 6 of the Lair of Beasts)
 K - a wand of iceblast (27)
   (You found it on level 9 of the Dungeon)
 X - a wand of paralysis (17)
   (You found it in a Gauntlet)
Scrolls
 i - 6 scrolls of fog
 k - 2 scrolls of enchant armour
 o - 2 scrolls of vulnerability
 p - 2 scrolls of magic mapping
 r - 2 scrolls of identify
 t - 5 scrolls of teleportation
 y - a scroll of immolation {unknown}
 F - 3 scrolls of fear
 G - 2 scrolls of noise
 H - 4 scrolls of blinking {unknown}
 L - a scroll of silence
 M - a scroll of summoning {unknown}
 N - a scroll of brand weapon {unknown}
 W - 4 scrolls of remove curse
Potions
 d - 2 potions of might
 g - a potion of invisibility
 h - a potion of haste
 m - 7 potions of flight
 q - 11 potions of curing
 s - a potion of magic
 w - 3 potions of heal wounds
 z - a potion of mutation
 B - 4 potions of berserk rage
 E - a potion of cancellation
 J - 2 potions of ambrosia {unknown}
 P - 2 potions of lignification
 Q - a potion of agility
 S - 2 potions of brilliance {unknown}
 T - 5 potions of resistance
Miscellaneous
 U - a phantom mirror
Comestibles
 e - 37 rations


   Skills:
 - Level 16.0(21.0) Fighting
 - Level 7.0(12.0) Maces & Flails
 + Level 18.5(23.5) Bows
 - Level 10.0(15.0) Armour
 - Level 7.0(12.0) Dodging
 - Level 2.8(7.8) Stealth
 - Level 8.0 Invocations
 - Level 4.1 Evocations


You had 15 spell levels left.
You didn't know any spells.
Your spell library contained the following spells:

 Spells                   Type           Power        Failure   Level  Hunger
 Beastly Appendage        Tmut           #.....       88%         1    ##.....
 Corona                   Hex            #......      88%         1    ##.....
 Sting                    Conj/Pois      #...         88%         1    ##.....
 Ensorcelled Hibernation  Hex/Ice        #.....       96%         2    ###....
 Poisonous Vapours        Pois/Air       #.....       96%         2    ###....
 Slow                     Hex            #.......     96%         2    ###....
 Sticks to Snakes         Tmut           #.......     96%         2    ###....
 Confuse                  Hex            #.......     99%         3    ####...
 Dazzling Spray           Conj/Hex       #.....       99%         3    ####...
 Inner Flame              Hex/Fire       #.......     99%         3    ####...
 Mephitic Cloud           Conj/Pois/Air  #.......     99%         3    ####...
 Portal Projectile        Hex/Tloc       #.....       99%         3    ####...
 Spider Form              Tmut/Pois      #.........   99%         3    ####...
 Tukima's Dance           Hex            #.......     99%         3    ####...
 Cause Fear               Hex            #.........   100%        4    #####..
 Ice Form                 Ice/Tmut       #.......     100%        4    #####..
 Leda's Liquefaction      Hex/Erth       #.........   100%        4    #####..
 Olgreb's Toxic Radiance  Pois           #.......     100%        4    #####..
 Blade Hands              Tmut           #.........   100%        5    ######.
 Venom Bolt               Conj/Pois      #.........   100%        5    ######.


Dungeon Overview and Level Annotations

Branches:
Dungeon (15/15)            Temple (0/1) D:5            Lair (6/6) D:9
 Shoals (0/4) Lair:2        Snake (0/4) Lair:3        Slime (0/5) Lair:6
    Orc (0/2) D:11         Vaults (0/5) D:14         Depths (0/5) D:15
  IceCv (visited)         Volcano (visited)         Gauntlet (visited)

Altars:
Ashenzari
Cheibriados
Dithmenos
Fedhas
Kikubaaqudgha
Okawaru
Ru
Sif Muna
Trog
Uskayaw
Vehumet
Wu Jian
Zin
The Shining One
Jiyva

Shops:
D:7 %*[(   D:12 %

Portals:
Trove: D:10 (give +3 fire dragon scales)

Annotations:
D:5 2 transporters


Innate Abilities, Weirdness & Mutations

You have hooves in place of feet.
Armour fits poorly on your strangely shaped body.
You cover ground very quickly.
You have extremely tough skin. (AC +3)


Message History

The meliai is healed somewhat.
The meliai hits you but does no damage.
The meliai stings you but does no damage.
The meliai hits you but does no damage.
The meliai stings you but does no damage.
Firing (i - inventory)
l - 271 arrows (quivered)
{trove +3 fds}
Press: ? - help, Shift-Dir - straight line, f/p - meliai
Aim: a meliai, wielding a +0 hand axe and wearing a +0 leather armour (heavily wounded)
You shoot an arrow {trove +3 fds}.
The arrow {trove +3 fds} closely misses the meliai.
The meliai closely misses you.
The meliai stings you but does no damage.
The meliai hits you but does no damage. The meliai barely misses you. x2
The meliai stings you but does no damage.
Firing (i - inventory)
l - 270 arrows (quivered)
{trove +3 fds}
Press: ? - help, Shift-Dir - straight line, f/p - meliai
Aim: a meliai, wielding a +0 hand axe and wearing a +0 leather armour (heavily wounded)
You shoot an arrow {trove +3 fds}.
The arrow {trove +3 fds} closely misses the meliai.
The meliai hits you but does no damage.
The meliai stings you but does no damage.
The meliai hits you but does no damage. The meliai closely misses you.
A wraith comes into view.
A freezing wraith comes into view.
Firing (i - inventory)
l - 269 arrows (quivered)
{trove +3 fds}
Press: ? - help, Shift-Dir - straight line, f/p - meliai
Aim: a meliai, wielding a +0 hand axe and wearing a +0 leather armour (heavily wounded)
You shoot an arrow {trove +3 fds}.
The arrow {trove +3 fds} barely misses the meliai.
The meliai completely misses you. The meliai barely misses you.
The meliai hits you with a +0 hand axe.
The meliai stings you but does no damage.
A death knight comes into view. It is wielding a +0 glaive.
The meliai mumbles some strange prayers to its god against you.
Something smites you! The meliai hits you but does no damage.
The meliai stings you but does no damage.
The death knight shouts!
Firing (i - inventory)
l - 268 arrows (quivered)
{trove +3 fds}
Press: ? - help, Shift-Dir - straight line, f/p - meliai
Aim: a meliai, wielding a +0 hand axe and wearing a +0 leather armour (heavily wounded)
You shoot an arrow {trove +3 fds}.
The arrow {trove +3 fds} hits the meliai!
The arrow {trove +3 fds} burns the meliai.
The meliai is almost dead.
The meliai misses you.
The meliai stings you but does no damage.
A phantasmal warrior comes into view.
The meliai barely misses you.
The meliai stings you but does no damage.
You gain the combat prowess of a mighty hero.
The meliai hits you but does no damage.
The meliai stings you but does no damage.
The meliai mumbles some strange prayers to its god against you.
Something smites you!
The meliai mumbles some strange prayers to its god against you.
Something smites you! The meliai closely misses you.
The meliai stings you but does no damage.
You can now deal lightning-fast blows.
The meliai barely misses you.
The meliai stings you but does no damage.
The meliai invokes the aid of its god against you.
Something smites you!
The phantasmal warrior blinks!
The skeletal warrior hits you from afar with a +1 glaive of flaming!
* * * LOW HITPOINT WARNING * * *
The meliai closely misses you.
The meliai stings you but does no damage.
The meliai misses you. The meliai stings you.
* * * LOW HITPOINT WARNING * * *
Unknown command.
You feel much better.
w - 4 potions of heal wounds;
W - 4 scrolls of remove curse The meliai hits you but does no damage.
The meliai stings you but does no damage.
The meliai hits you but does no damage.
The meliai stings you but does no damage.
The meliai hits you with a +0 hand axe.
The meliai stings you but does no damage.
The skeletal warrior hits you from afar with a +1 glaive of flaming!!
* * * LOW HITPOINT WARNING * * *
The skeletal warrior burns you.
* * * LOW HITPOINT WARNING * * *
As you read the scroll of fear, it crumbles to dust.
You assume a fearsome visage.
The death knight looks frightened!
The skeletal warrior is unaffected.
The phantasmal warrior is unaffected.
The freezing wraith is unaffected.
The meliai looks frightened! x2
The meliai mumbles some strange prayers to its god against you.
Something smites you!
* * * LOW HITPOINT WARNING * * *
The death knight offers itself to Yredelemnul, and fills with unholy energy.
The skeletal warrior closely misses you.
Okay, then.
You feel much better.
The meliai calls down the wrath of its god upon you.
Something smites you!
* * * LOW HITPOINT WARNING * * *
The phantasmal warrior barely misses you.
As you read the scroll of teleportation, it crumbles to dust.
You feel strangely unstable. The phantasmal warrior hits you!
* * * LOW HITPOINT WARNING * * *
Your magical defenses are stripped away!
The skeletal warrior hits you from afar with a +1 glaive of flaming!!
You die...

.............#.....
.(.(..(..........[.....
(..........y..........
p....................
........y.........(..
..W.................
..z)#..[..####......
##W.....## #.......
#.@....### ##.#....
#......#.###...#...
##........###......
#...#.#.## ##.....
##.###### ##.... ###
### ##... ##.####.†.
#...#.#... ##........


You could see a death knight (fleeing), a skeletal warrior, a phantasmal
warrior, a wraith and 2 meliai.

Vanquished Creatures
  Kirke (Lair:6)
  A frost giant (D:12)
  A minotaur (Gauntlet)
  The ghost of Ciovowug the Fighter, a journeyman DrTm of Ashenzari (Lair:2)
  An ettin (D:12)
  A death ooze (Gauntlet)
  A fire dragon (D:12)
  Josephine (D:11)
  A yaktaur captain (D:15)
  Harold (D:8)
  3 vault guards (D:14)
  Fannar (D:10)
  3 hydras
  The ghost of Tighew the Blocker, a journeyman GnFi of Hepliaklqana (Lair:2)
  A merfolk avatar (Lair:6)
  3 centaur warriors
  9 two-headed ogres
  4 death yaks (Lair:5)
  3 ogre magi (D:15)
  2 tengu warriors (D:15)
  A deep troll earth mage (D:12)
  A deep elf knight (D:14)
  2 skeletal warriors (D:12)
  2 unseen horrors (D:12)
  A hell knight (D:15)
  3 lindwurms
  2 wizards
  2 orc knights (D:14)
  4 deep elf magi
  3 harpies (Lair:6)
  A wolf spider zombie (D:15)
  9 ugly things
  A mana viper (shapeshifter) (D:12)
  2 oklob plants
  4 cyclopes
  6 manticores
  10 elephants
  An eye of devastation (Gauntlet)
  4 black mambas
  7 centaur zombies
  5 molten gargoyles (Volcano)
  6 spiny frogs
  7 yaktaurs
  2 ice statues (IceCv)
  A kobold demonologist (D:13)
  A minotaur zombie (Gauntlet)
  4 rime drakes
  2 efreet (D:15)
  11 komodo dragons
  7 ice devils (IceCv)
  2 tengu conjurers (D:14)
  A guardian mummy (D:10)
  6 trolls
  A wolf spider simulacrum (D:15)
  12 polar bears
  A meliai (D:15)
  A queen bee (shapeshifter) (D:15)
  Prince Ribbit (Lair:1)
  22 blink frogs
  2 hornets (Lair:6)
  29 slime creatures
  6 dream sheep (Lair:5)
  13 hippogriffs
  A vampire (D:14)
  5 wyverns
  A shadow (D:8)
  58 yaks
  3 basilisks
  2 fire elementals (Volcano)
  5 wraiths
  A hog (Lair:6)
  6 hungry ghosts
  4 vampire mosquitoes
  2 steam dragons (D:12)
  Menkaure (D:7)
  A soldier ant (shapeshifter) (D:13)
  2 two-headed ogre zombies (D:11)
  5 acid dragons
  18 water moccasins
  A floating eye (Gauntlet)
  8 porcupines
  3 sky beasts
  6 orc warriors
  An ice beast (D:10)
  8 black bears
  An eye of draining (D:9)
  A necrophage (D:7)
  7 phantoms
  A hornet zombie (D:15)
  8 ogres
  2 wolves (D:9)
  9 centaurs
  8 crocodiles
  26 bullfrogs
  7 big kobolds
  A bullfrog (shapeshifter) (D:14)
  A wyvern zombie (D:9)
  An earth elemental (Volcano)
  A water moccasin zombie (D:6)
  A wyvern skeleton (D:12)
  A killer bee (D:12)
  7 scorpions
  12 wights
  2 howler monkeys (D:9)
  2 electric eels (D:14)
  9 crimson imps
  2 bullfrog skeletons
  A bullfrog zombie (D:13)
  15 hounds
  11 orc priests
  7 jellies
  18 orc wizards
  4 centaur skeletons
  An iguana (D:4)
  12 worker ants
  A killer bee zombie (D:9)
  6 ogre zombies (D:11)
  Robin (D:3)
  A worker ant zombie (D:5)
  17 adders
  4 shadow imps
  6 white imps (IceCv)
  3 ufetubi (IceCv)
  2 oozes (D:4)
  An adder skeleton (D:6)
  2 dart slugs
  7 leopard geckos
  48 orcs
  2 ball pythons
  7 bats
  7 giant cockroaches
  21 goblins
  14 hobgoblins
  12 jackals
  10 quokkas
  2 frilled lizards
  A goblin skeleton (D:11)
  2 goblin zombies (D:11)
  2 hobgoblin skeletons (D:11)
  2 hobgoblin zombies (D:11)
  39 kobolds
  2 leopard gecko skeletons
  5 orc skeletons (D:11)
  13 orc zombies (D:11)
  A quokka skeleton (D:6)
  A quokka zombie (D:8)
  6 rats
  A bush (Lair:1)
819 creatures vanquished.

Vanquished Creatures (others)
  A reaper (IceCv)
  A human (Lair:6)
  4 white imps (IceCv)
  9 ufetubi (IceCv)
  An orc (D:10)
  4 fungi
  11 plants
31 creatures vanquished.

Grand Total: 850 creatures vanquished

Notes
Turn   | Place    | Note
-------+----------+-------------------------------------------
     0 | D:1      | Artagas the Centaur Hunter began the quest for the Orb.
     0 | D:1      | Reached XP level 1. HP: 17/17 MP: 1/1
   260 | D:1      | Reached XP level 2. HP: 24/24 MP: 2/2
   558 | D:1      | Reached skill level 1 in Stealth
  1073 | D:2      | Reached XP level 3. HP: 20/30 MP: 3/3
  1091 | D:2      | Reached skill level 6 in Bows
  1133 | D:2      | Reached XP level 4. HP: 18/37 MP: 4/4
  1305 | D:2      | Reached skill level 3 in Fighting
  1943 | D:2      | Found a glowing silver altar of Zin.
  2403 | D:3      | Reached XP level 5. HP: 34/45 MP: 5/5
  2526 | D:3      | Reached skill level 2 in Stealth
  2800 | D:3      | Found a shattered altar of Ashenzari.
  3408 | D:4      | Noticed Robin
  3597 | D:3      | Reached skill level 7 in Bows
  3875 | D:3      | Killed Robin
  3875 | D:3      | Reached XP level 6. HP: 52/52 MP: 6/6
  3915 | D:3      | Reached skill level 4 in Fighting
  4188 | D:4      | Found a bloodstained altar of Trog.
  4669 | D:4      | Reached skill level 5 in Fighting
  5052 | D:4      | Found an ornate altar of the Wu Jian Council.
  5056 | D:4      | Found a shattered altar of Ashenzari.
  5802 | D:5      | Entered Level 5 of the Dungeon
  5841 | D:5      | Found a transporter.
  5842 | D:5      | Noticed an ice beast
  5866 | D:5      | Reached XP level 7. HP: 61/61 MP: 7/7
  5948 | D:5      | Found an iron altar of Okawaru.
  5965 | D:5      | Became a worshipper of Warmaster Okawaru
  6009 | D:5      | Found a sacrificial altar of Ru.
  6199 | D:5      | Found a transporter.
  6209 | D:5      | Found a glowing golden altar of the Shining One.
  6385 | D:5      | Found a staircase to the Ecumenical Temple.
  7038 | D:6      | Reached skill level 6 in Fighting
  7151 | D:6      | Reached skill level 8 in Bows
  7211 | D:6      | Reached * piety under Okawaru
  7450 | D:6      | Reached XP level 8. HP: 53/71 MP: 8/8
  7968 | D:6      | Reached skill level 7 in Fighting
  7968 | D:6      | Reached skill level 9 in Bows
  8407 | D:6      | Found a snail-covered altar of Cheibriados.
  8781 | D:7      | Found a hide-covered altar of Uskayaw.
  8785 | D:7      | Found Foutah's General Store.
  8798 | D:7      | Bought a potion of curing for 30 gold pieces
  8860 | D:7      | Found Wuc Gibi's Food Emporium.
  8860 | D:7      | Noticed Menkaure
  8865 | D:7      | Killed Menkaure
  9155 | D:7      | Found a shadowy altar of Dithmenos.
  9247 | D:7      | Found a radiant altar of Vehumet.
  9257 | D:7      | Found an ancient bone altar of Kikubaaqudgha.
  9269 | D:7      | Found a shimmering blue altar of Sif Muna.
  9622 | D:7      | Found Xoppoeppa's Antique Armour Emporium.
  9689 | D:7      | Reached ** piety under Okawaru
  9969 | D:7      | Reached skill level 10 in Bows
 10086 | D:7      | Reached skill level 8 in Fighting
 10109 | D:7      | Found Pywn's Weapon Shoppe.
 10121 | D:7      | Reached skill level 1 in Armour
 10570 | D:8      | Noticed Harold
 10666 | D:8      | Killed Harold
 10666 | D:8      | Reached skill level 11 in Bows
 10666 | D:8      | Reached skill level 2 in Armour
 10666 | D:8      | Reached XP level 9. HP: 50/82 MP: 7/9
 11003 | D:8      | Reached skill level 9 in Fighting
 11052 | D:8      | Reached skill level 3 in Armour
 11362 | D:8      | Noticed a centaur warrior
 11362 | D:8      | Noticed a deep elf mage
 11387 | D:8      | Killed a centaur warrior
 11387 | D:8      | Reached *** piety under Okawaru
 11399 | D:8      | Reached skill level 12 in Bows
 11456 | D:8      | Identified the cursed +1 ring mail of Mokoclet {rF+ rN++
                  | Str+3 Int-4}
 11640 | D:8      | Noticed a deep elf mage
 11667 | D:8      | Killed a deep elf mage
 11667 | D:8      | Received a gift from Okawaru
 11667 | D:8      | Reached skill level 4 in Armour
 11667 | D:8      | Reached XP level 10. HP: 92/92 MP: 7/10
 11738 | D:8      | Killed a deep elf mage
 11738 | D:8      | Received a gift from Okawaru
 11738 | D:8      | Reached skill level 10 in Fighting
 12142 | D:9      | Reached **** piety under Okawaru
 12146 | D:9      | Reached skill level 13 in Bows
 12172 | D:9      | Received a gift from Okawaru
 12545 | D:9      | Noticed a two-headed ogre
 12574 | D:9      | Killed a two-headed ogre
 12574 | D:9      | Reached skill level 14 in Bows
 12668 | D:9      | Received a gift from Okawaru
 12710 | D:9      | Reached skill level 1 in Invocations
 12714 | D:9      | Reached ***** piety under Okawaru
 12726 | D:9      | Reached skill level 1 in Evocations
 13003 | D:9      | Found a staircase to the Lair.
 13140 | D:9      | Reached XP level 11. HP: 85/100 MP: 12/12
 13170 | D:9      | Reached skill level 2 in Invocations
 13623 | D:9      | Reached skill level 2 in Evocations
 13638 | D:9      | Reached skill level 15 in Bows
 14213 | Lair:1   | Entered Level 1 of the Lair of Beasts
 14232 | D:9      | Received a gift from Okawaru
 14232 | D:9      | Reached skill level 3 in Invocations
 14666 | Lair:1   | Reached skill level 5 in Armour
 14666 | Lair:1   | Reached skill level 3 in Evocations
 14751 | Lair:1   | Received a gift from Okawaru
 14766 | Lair:1   | Noticed Prince Ribbit
 14771 | Lair:1   | Reached skill level 4 in Invocations
 14777 | Lair:1   | Killed Prince Ribbit
 14857 | Lair:1   | Found a dark tunnel.
 14930 | Volcano  | Entered a volcano
 15075 | Volcano  | Noticed a lindwurm
 15075 | Volcano  | Noticed a lindwurm
 15083 | Volcano  | Killed a lindwurm
 15083 | Volcano  | Reached skill level 11 in Fighting
 15083 | Volcano  | Reached skill level 5 in Invocations
 15083 | Volcano  | Reached skill level 4 in Evocations
 15098 | Volcano  | Killed a lindwurm
 15432 | Volcano  | Reached skill level 6 in Armour
 15638 | Lair:1   | Received a gift from Okawaru
 15652 | Lair:1   | Reached XP level 12. HP: 110/110 MP: 15/15
 16401 | Lair:1   | Found the +8 whip "Snakebite" {curare, rPois}
 16947 | Lair:1   | Found a blossoming altar of Fedhas.
 17127 | Lair:2   | Reached skill level 12 in Fighting
 17138 | Lair:2   | Reached skill level 7 in Armour
 17660 | Lair:2   | Found a runed translucent gate.
 17817 | Lair:2   | Found a staircase to the Shoals.
 17904 | Lair:2   | Found a runed translucent gate.
 17904 | Lair:2   | Found a runed translucent gate.
 17904 | Lair:2   | Noticed Ciovowug's ghost (journeyman DrTm)
 17905 | Lair:2   | Noticed Tighew's ghost (journeyman GnFi)
 18082 | Lair:2   | Noticed a four-headed hydra
 18092 | Lair:2   | Killed a four-headed hydra
 18399 | Lair:2   | Killed Tighew's ghost
 18399 | Lair:2   | Reached ****** piety under Okawaru
 18521 | Lair:2   | Killed Ciovowug's ghost
 18842 | Lair:3   | Received a gift from Okawaru
 18874 | Lair:3   | Reached skill level 6 in Invocations
 19825 | Lair:3   | Received a gift from Okawaru
 19979 | Lair:3   | Found a staircase to the Snake Pit.
 20499 | Lair:3   | Reached skill level 7 in Invocations
 20499 | Lair:3   | Reached XP level 13. HP: 114/119 MP: 18/18
 21108 | Lair:4   | Reached skill level 1 in Maces & Flails
 21128 | Lair:3   | Received a gift from Okawaru
 21927 | Lair:5   | Reached skill level 8 in Armour
 21936 | Lair:5   | Reached skill level 16 in Bows
 21971 | Lair:5   | Reached skill level 2 in Maces & Flails
 22022 | Lair:5   | Reached skill level 13 in Fighting
 22102 | Lair:5   | Reached skill level 3 in Maces & Flails
 22619 | Lair:5   | Reached skill level 4 in Maces & Flails
 23051 | Lair:5   | Received a gift from Okawaru
 23278 | Lair:6   | Entered Level 6 of the Lair of Beasts
 23338 | Lair:6   | Received a gift from Okawaru
 23387 | Lair:6   | Received a gift from Okawaru
 23776 | Lair:6   | Reached skill level 17 in Bows
 23782 | Lair:6   | Got a slimy chain mail
 23798 | Lair:6   | Identified the +1 chain mail "Yvyaf" {MR++ Stlth+} (You
                  | found it on level 6 of the Lair of Beasts)
 23820 | Lair:6   | Reached skill level 5 in Maces & Flails
 23985 | Lair:6   | Noticed Kirke
 24005 | Lair:6   | Paralysed by a hornet for 3 turns
 24490 | Lair:6   | Received a gift from Okawaru
 24839 | Lair:6   | Reached XP level 14. HP: 110/130 MP: 19/19
 24955 | Lair:6   | Found a staircase to the Slime Pits.
 24955 | Lair:6   | Found a viscous altar of Jiyva.
 24964 | Lair:6   | Reached skill level 14 in Fighting
 24964 | Lair:6   | Reached skill level 6 in Maces & Flails
 25060 | Lair:6   | Killed Kirke
 25367 | Lair:6   | Reached skill level 7 in Maces & Flails
 25825 | D:10     | Entered Level 10 of the Dungeon
 25956 | D:10     | Noticed Fannar
 25963 | D:10     | Killed Fannar
 26341 | D:10     | Reached skill level 2 in Dodging
 26837 | D:10     | Found a portal to a secret trove of treasure.
 27167 | D:11     | Found a gate leading to a gauntlet.
 27174 | Gauntlet | Entered a Gauntlet
 27174 | Gauntlet | Found a runed translucent gate.
 27174 | Gauntlet | Found a transporter.
 27174 | Gauntlet | Found a runed translucent gate.
 27174 | Gauntlet | Found a runed translucent gate.
 27174 | Gauntlet | Found a transporter.
 27311 | Gauntlet | Found a transporter.
 27311 | Gauntlet | Found a transporter.
 27316 | Gauntlet | Found a transporter.
 27316 | Gauntlet | Found a transporter.
 27347 | Gauntlet | Found a transporter.
 27350 | Gauntlet | Found a transporter.
 27358 | Gauntlet | Found a transporter.
 27371 | Gauntlet | Noticed an entropy weaver
 27374 | Gauntlet | Found a transporter.
 27388 | Gauntlet | Found a transporter.
 27392 | Gauntlet | Found a transporter.
 27436 | Gauntlet | Paralysed by a floating eye for 2 turns
 27454 | Gauntlet | Got a translucent trident
 27503 | Gauntlet | Received a gift from Okawaru
 27642 | Gauntlet | Got a twisted cloak
 27929 | Gauntlet | Got a bloodstained scale mail
 27942 | Gauntlet | Identified the +0 cloak "Enonlaba" {Int+4} (You found it in
                  | a Gauntlet)
 27952 | Gauntlet | Identified the +1 scale mail of the Moon {rC+} (You found
                  | it in a Gauntlet)
 28222 | D:11     | Found a staircase to the Orcish Mines.
 28397 | D:11     | Noticed Josephine
 28404 | D:11     | Killed Josephine
 28404 | D:11     | Reached skill level 8 in Invocations
 28409 | D:11     | Received a gift from Okawaru
 28409 | D:11     | Reached skill level 3 in Dodging
 29739 | D:12     | Got a jade-encrusted ring mail
 29750 | D:12     | Identified the +2 ring mail of Ametooh {MR+ rCorr Int+4
                  | Stlth-} (You found it on level 12 of the Dungeon)
 29879 | D:12     | Found a shattered altar of Ashenzari.
 29977 | D:12     | Found Giuhih's Food Emporium.
 30414 | D:12     | Reached skill level 4 in Dodging
 30611 | D:12     | Reached skill level 9 in Armour
 30611 | D:12     | Reached XP level 15. HP: 136/139 MP: 21/21
 30950 | D:12     | Noticed a frost giant
 30978 | D:12     | Received a gift from Okawaru
 30978 | D:12     | Reached skill level 18 in Bows
 31004 | D:12     | Killed a frost giant
 31346 | D:12     | Received a gift from Okawaru
 31649 | D:13     | Received a gift from Okawaru
 31737 | D:13     | Reached skill level 15 in Fighting
 31744 | D:13     | Found a frozen archway.
 31757 | IceCv    | Entered an ice cave
 32313 | IceCv    | Reached skill level 5 in Dodging
 32830 | D:13     | Received a gift from Okawaru
 33653 | D:14     | Received a gift from Okawaru
 34196 | D:14     | Received a gift from Okawaru
 34508 | D:14     | Got an ichor-stained scale mail {god gift}
 34519 | D:14     | Identified the +0 scale mail "Foicauta" {Str+6} (Okawaru
                  | gifted it to you on level 14 of the Dungeon)
 34573 | D:14     | Found a gate to the Vaults.
 34656 | D:14     | Reached skill level 6 in Dodging
 34956 | D:14     | Reached skill level 10 in Armour
 35071 | D:15     | Entered Level 15 of the Dungeon
 35985 | D:15     | Reached XP level 16. HP: 141/151 MP: 20/22
 36094 | D:15     | Reached skill level 16 in Fighting
 36094 | D:15     | Reached skill level 7 in Dodging
 36298 | D:15     | Received a gift from Okawaru
 36389 | D:15     | Found a staircase to the Depths.
 36617 | D:15     | Slain by a skeletal warrior

Levels and vault maps discovered:
D:1:      lightli_arrival_maybe_door_vault, layout_rooms,
          serial_co_window_serial, co_window_paths_b, co_window_paths_a,
          co_window_corner_a, co_window_paths_b, co_window_corner_a,
          co_window_corner_cb, co_window_unsneaky_path_c, co_window_broadway_a,
          co_window_2corner, co_window_corner_b, co_window_2corner,
          co_window_corner_b, co_window_paths_d, glass_columns_a,
          glass_columns_b, glass_columns_c, minmay_pentomino_p2
D:2:      layout_basic, lemuel_doored_altar
D:3:      layout_loops_ring, lemuel_statue_altar
D:4:      layout_layer_cave, nicolae_overflow_hidden_temple,
          grunt_temple_overflow_open, uniq_robin
D:5:      layout_basic, gammafunk_temple_overflow_arena, okawaru_gym_becter,
          minmay_temple_entry_waves, first_ration, minmay_misc_feat_encased,
          st_stairs_6, nicolae_zen_rock_garden,
          nicolae_ru_great_annihilating_truth
D:6:      minmay_octagon_keep, layout_loops_corners, cheibriados_altar_1
D:7:      layout_basic, palyth_temple_overflow_mages,
          nicolae_dithmenos_shadow_blocks, eat_drink_and_be_merry_uskayaw,
          serial_shops, shop, nicolae_shop_statue_plus, kennysheep_little_box,
          shop, uniq_menkaure
D:8:      minmay_blocky_corners, layout_loops_ring, grunt_ogre_cave, uniq_harold
D:9:      layout_basic, erik_lair_island
D:10:     layout_basic, nicolae_trove_entry_path_of_doom, grunt_ministairs_3,
          uniq_fannar
D:11:     layout_basic, zombieorc2_lemuel, gauntlet_entry_generic,
          grunt_ministairs_2, uniq_josephine
D:12:     minmay_nested_s, layout_basic, serial_shops, shop_statue,
          interstate_on_off, ashenzari_altar_1
D:13:     layout_loops_cross, portal_ice_cave_entry_pillars_1,
          minmay_misc_feat_roman, minmay_misc_feat_hallway
D:14:     layout_basic, grunt_vaults_entry_fortified
D:15:     hangedman_depths_entry_civil_slaughter, layout_cross,
          roderic_roman_lattice, drop_trap
Lair:1:   minmay_guarded_unrand_snakebite, layout_chaotic_city, enter_volcano_1,
          tgw_fedhas, uniq_prince_ribbit2
Lair:2:   layout_cave_pods, shoals_dummy_entry, gammafunk_ghost_cemetery,
          serial_bayou_shore_a
Lair:3:   beast_lair_carwin_large_4, layout_gridlike, dummy_snake_entry,
          serial_rivers, chequers_serial_rivers_micro_e,
          chequers_serial_rivers_marsh, chequers_serial_rivers_room_b,
          chequers_serial_rivers_micro_a, chequers_serial_rivers_micro_e
Lair:4:   layout_gridlike
Lair:5:   layout_roguey
Lair:6:   gammafunk_lair_ancient_temple, layout_gridlike, slime_altar_1,
          patterned_corridor, uniq_kirke

Skill      XL: |  1  2  3  4  5  6  7  8  9 10 11 12 13 14 15 16 |
---------------+-------------------------------------------------+-----
Stealth        | 1 2 |  2.8
Bows           | 6 7 8 11 12 14 15 17 18 | 18.5
Fighting       | 3 5 6 8 9 10 11 12 13 14 15 16 | 16.0
Armour         | 2 4 6 7 8 9 10 | 10.0
Invocations    | 1 5 7 8 |  8.0
Evocations     | 1 4 |  4.1
Maces & Flails | 5 7 |  7.0
Dodging        | 4 6 7 |  7.0

Action                   |  1- 3 |  4- 6 |  7- 9 | 10-12 | 13-15 | 16-18 || total
-------------------------+-------+-------+-------+-------+-------+-------++-------
Melee: Short sword       |    64 |   243 |    92 |       |       |       ||   399
       Kick              |    15 |    49 |    79 |    89 |    82 |       ||   314
       Unarmed           |       |     6 |       |       |       |       ||     6
       Quarterstaff      |       |       |   171 |   115 |       |       ||   286
       Flail             |       |       |     3 |       |       |       ||     3
       Whip              |       |       |       |   102 |   285 |       ||   387
       Demon blade       |       |       |       |     3 |       |       ||     3
       Longbow           |       |       |       |       |     2 |       ||     2
 Fire: Shortbow          |     9 |    63 |    71 |   207 |       |       ||   350
       Longbow           |       |       |       |   247 |  1217 |    67 ||  1531
Throw: Boomerang         |       |       |     3 |       |       |       ||     3
Invok: Heroism           |       |       |     4 |    10 |    13 |     2 ||    29
       Finesse           |       |       |       |       |     1 |     1 ||     2
Evoke: Wand              |       |       |     2 |     2 |     5 |       ||     9
  Use: Potion            |     1 |     1 |     2 |       |       |     2 ||     6
       Scroll            |     1 |     5 |     5 |     7 |    23 |     2 ||    43
 Stab: Paralysed         |       |       |     2 |       |       |       ||     2
       Sleeping          |       |       |     2 |       |       |       ||     2
  Eat: Chunk             |       |    12 |    15 |     7 |    36 |     9 ||    79
       Ration            |       |       |       |     5 |     2 |       ||     7
Armor: Leather armour    |    12 |       |       |       |       |       ||    12
       Ring mail         |    16 |   135 |   135 |       |       |       ||   286
       Skin              |       |    15 |       |       |       |       ||    15
       Chain mail        |       |       |    36 |   323 |   421 |    37 ||   817
Dodge: Dodged            |    18 |   131 |   105 |    86 |   183 |    25 ||   548
       Rpst.: Demon blade |       |       |       |     1 |       |       ||     1

Levels and vault maps discovered:
D:1:      lightli_arrival_maybe_door_vault, layout_rooms,
          serial_co_window_serial, co_window_paths_b, co_window_paths_a,
          co_window_corner_a, co_window_paths_b, co_window_corner_a,
          co_window_corner_cb, co_window_unsneaky_path_c, co_window_broadway_a,
          co_window_2corner, co_window_corner_b, co_window_2corner,
          co_window_corner_b, co_window_paths_d, glass_columns_a,
          glass_columns_b, glass_columns_c, minmay_pentomino_p2
D:2:      layout_basic, lemuel_doored_altar
D:3:      layout_loops_ring, lemuel_statue_altar
D:4:      layout_layer_cave, nicolae_overflow_hidden_temple,
          grunt_temple_overflow_open, uniq_robin
D:5:      layout_basic, gammafunk_temple_overflow_arena, okawaru_gym_becter,
          minmay_temple_entry_waves, first_ration, minmay_misc_feat_encased,
          st_stairs_6, nicolae_zen_rock_garden,
          nicolae_ru_great_annihilating_truth
D:6:      minmay_octagon_keep, layout_loops_corners, cheibriados_altar_1
D:7:      layout_basic, palyth_temple_overflow_mages,
          nicolae_dithmenos_shadow_blocks, eat_drink_and_be_merry_uskayaw,
          serial_shops, shop, nicolae_shop_statue_plus, kennysheep_little_box,
          shop, uniq_menkaure
D:8:      minmay_blocky_corners, layout_loops_ring, grunt_ogre_cave, uniq_harold
D:9:      layout_basic, erik_lair_island
D:10:     layout_basic, nicolae_trove_entry_path_of_doom, grunt_ministairs_3,
          uniq_fannar
D:11:     layout_basic, zombieorc2_lemuel, gauntlet_entry_generic,
          grunt_ministairs_2, uniq_josephine
D:12:     minmay_nested_s, layout_basic, serial_shops, shop_statue,
          interstate_on_off, ashenzari_altar_1
D:13:     layout_loops_cross, portal_ice_cave_entry_pillars_1,
          minmay_misc_feat_roman, minmay_misc_feat_hallway
D:14:     layout_basic, grunt_vaults_entry_fortified
D:15:     hangedman_depths_entry_civil_slaughter, layout_cross,
          roderic_roman_lattice, drop_trap
Lair:1:   minmay_guarded_unrand_snakebite, layout_chaotic_city, enter_volcano_1,
          tgw_fedhas, uniq_prince_ribbit2
Lair:2:   layout_cave_pods, shoals_dummy_entry, gammafunk_ghost_cemetery,
          serial_bayou_shore_a
Lair:3:   beast_lair_carwin_large_4, layout_gridlike, dummy_snake_entry,
          serial_rivers, chequers_serial_rivers_micro_e,
          chequers_serial_rivers_marsh, chequers_serial_rivers_room_b,
          chequers_serial_rivers_micro_a, chequers_serial_rivers_micro_e
Lair:4:   layout_gridlike
Lair:5:   layout_roguey
Lair:6:   gammafunk_lair_ancient_temple, layout_gridlike, slime_altar_1,
          patterned_corridor, uniq_kirke

Table legend:
 A = Turns spent in this place as a percentage of turns spent in the entire game.
 B = Non-inter-level travel turns spent in this place as a percentage of non-inter-level travel turns spent in the entire game.
 C = Inter-level travel turns spent in this place as a percentage of turns spent in this place.
 D = Turns resting spent in this place as a percentage of non-inter-level travel turns spent in this place.
 E = Turns spent auto-exploring this place as a percentage of non-inter-level travel turns spent in this place.
 F = Non-inter-level travel turns spent in this place divided by the number of levels of this place that you've seen.
                   A       B       C       D       E      F
               +-------+-------+-------+-------+-------+----------------------
         Total | 100.0 | 100.0 |   3.7 |  19.1 |  60.9 | 1468.5
       Dungeon |  65.0 |  64.9 |   3.9 |  15.7 |  65.0 | 1524.3
          Lair |  28.8 |  28.7 |   4.1 |  18.7 |  62.4 | 1684.2
      Ice Cave |   2.3 |   2.4 |   0.0 |  52.6 |  15.4 | 832.0
       Volcano |   1.8 |   1.9 |   0.0 |  52.8 |  14.7 | 653.0
      Gauntlet |   2.2 |   2.2 |   0.0 |  57.7 |  12.4 | 790.0
               +-------+-------+-------+-------+-------+----------------------

Table legend:
 A = Kills in this place as a percentage of kills in entire the game.
 B = Kills by you in this place as a percentage of kills by you in the entire game.
 C = Kills by friends in this place as a percentage of kills by friends in the entire game.
 D = Other kills in this place as a percentage of other kills in the entire game.
 E = Experience gained in this place as a percentage of experience gained in the entire game.
 F = Experience gained in this place divided by the number of levels of this place that you have seen.
                   A       B       C       D       E      F
               +-------+-------+-------+-------+-------+----------------------
         Total | 100.0 | 100.0 |   N/A | 100.0 | 100.0 | 6705.7
       Dungeon |  74.6 |  74.6 |   N/A | 100.0 |  60.6 | 6504.5
          Lair |  21.2 |  21.3 |   N/A |   0.0 |  32.5 | 8723.5
      Ice Cave |   2.2 |   2.2 |   N/A |   0.0 |   2.1 | 3334.0
       Volcano |   1.2 |   1.2 |   N/A |   0.0 |   2.4 | 3881.0
      Gauntlet |   0.7 |   0.7 |   N/A |   0.0 |   2.4 | 3813.0
               +-------+-------+-------+-------+-------+----------------------
